 Dungeon Crawl Stone Soup version 0.27-a0-1139-g28e009f8a6 (webtiles) character file.

Game seed: 7717247137286931554

32 Anon1729 the Skirmisher (level 3, 0/30 HPs)
             Began as a Formicid Berserker on May 7, 2021.
             Slain by an adder (3 damage)
             ... on level 2 of the Dungeon.
             The game lasted 00:01:12 (1781 turns).

Anon1729 the Skirmisher (Formicid Berserker)        Turns: 1781, Time: 00:01:13

Health: 0/30       AC:  2    Str: 22    XL:     3   Next: 42%
Magic:  3/3        EV: 12    Int:  6    God:
Gold:   57         SH:  0    Dex: 10    Spells: 2/2 levels left

rFire    . . .     SeeInvis +   a - +0 falchion
rCold    . . .     Faith    .   (no shield)
rNeg     . . .     Spirit   .   b - +0 animal skin
rPois    .         Reflect  .   (helmet unavailable)
rElec    .         Harm     .   (no cloak)
rCorr    .         Rampage  .   (no gloves)
Will     .....                  (no boots)
Stlth    +.........             (no amulet)
HPRegen  0.10/turn              (no ring)
MPRegen  0.08/turn              (no ring)

@: lethally poisoned (0 -> -5)
A: permanent stasis, dig shafts and tunnels, antennae 3, four strong arms
a: Dig, Shaft Self


You were on level 2 of the Dungeon.
You visited 1 branch of the dungeon, and saw 2 of its levels.

You collected 57 gold pieces.

Inventory:

Hand Weapons
 a - a +0 falchion (weapon)
Armour
 b - a +0 animal skin (worn)
Jewellery
 f - a +6 ring of dexterity
Scrolls
 c - a scroll of identify {unknown}
 e - a scroll of fear {unknown}
 g - a scroll of immolation {unknown}
 i - a scroll of enchant armour {unknown}
Potions
 h - a potion of lignification {unknown}


   Skills:
 + Level 3.7 Fighting
 * Level 3.7 Long Blades
 - Level 2.3 Armour
 - Level 1.9 Dodging


You had 2 spell levels left.
You didn't know any spells.
Your spell library was empty.

Dungeon Overview and Level Annotations

Branches:
Dungeon (2/15)

Altars:


Innate Abilities, Weirdness & Mutations

You cannot be hasted, slowed, berserked, paralysed or teleported.
You can dig through walls and to a lower floor.
You have a pair of large antennae on your head. (SInv)
Your four strong arms can wield two-handed weapons with a shield.


Message History

You hit the adder.
The adder is heavily wounded.
The adder bites you.
You are poisoned.
The adder poisons you! The kobold closely misses you.
You riposte.
You barely miss the kobold. You closely miss the adder.
The adder is heavily wounded.
You feel sick. The adder bites you.
You are more poisoned.
The adder poisons you! The kobold hits you with a +0 dagger.
The adder barely misses you.
You hit the adder.
The adder is severely wounded.
You feel sick. The kobold hits you with a +0 dagger.
The adder completely misses you.
You closely miss the adder.
The adder is severely wounded.
You feel sick. The adder barely misses you.
The kobold hits you with a +0 dagger. The adder bites you.
The kobold hits you with a +0 dagger.
You feel sick. The adder barely misses you.
You feel sick.
You feel sick. The adder barely misses you.
You barely miss the adder.
The adder is severely wounded.
You feel sick. The adder bites you.
* * * LOW HITPOINT WARNING * * *
You are more poisoned.
The adder poisons you!
You miss the adder.
The adder is severely wounded.
* * * LOW HITPOINT WARNING * * *
You feel sick. The adder bites you.
* * * LOW HITPOINT WARNING * * *
The adder closely misses you.
It was a potion of cancellation.
You feel magically purged.
* * * LOW HITPOINT WARNING * * *
You feel sick. The adder bites you.
You die...

...## .#
.#..############.###.
.##..............#..
.##########......#.####
.# ####........... .#
#.......#....# .#
....##....#...# .# .##
###.....# ###.#@##
#...#S# .
#..#.$K###....
#.#...!)......
...#.##........ ..# #.
......... ###
#..#.......#
..##.......# #.
#.......#


You could see an adder and a kobold.

Vanquished Creatures
  2 dart slugs (D:1)
  A ball python (D:2)
  5 bats
  2 endoplasms
  A giant cockroach (D:1)
  5 goblins
  A hobgoblin (D:1)
  4 kobolds
  A quokka (D:2)
  A frilled lizard (D:1)
  2 rats (D:1)
25 creatures vanquished.

Notes
Turn   | Place    | Note
-------+----------+-------------------------------------------
     0 | D:1      | Anon1729 the Formicid Berserker began the quest for the
                  | Orb.
     0 | D:1      | Reached XP level 1. HP: 18/18 MP: 1/1
     0 | D:1      | Fell from the grace of Trog
   423 | D:1      | Reached XP level 2. HP: 20/24 MP: 2/2
   855 | D:1      | Reached XP level 3. HP: 26/29 MP: 3/3
  1781 | D:2      | Slain by an adder

Illustrated notes

Levels and vault maps discovered:
D:1:      dpeg_arrival_arbitrary_c, layout_loops_ring
D:2:      layout_rooms, hellmonk_ecumenical_altar_slurped_away

Action                   || total
-------------------------++-------
Melee: Falchion          ||    65
Invok: Renounce Religion ||     1
  Use: Potion            ||     1
 Stab: Sleeping          ||     2
Armor: Animal skin       ||    10
Dodge: Dodged            ||    45
       Rpst.: Falchion   ||    12

Table legend: (Time is in decaauts)
 A = Elapsed time spent in this place.
 B = Non-inter-level travel time spent in this place.
 C = Inter-level travel time spent in this place.
 D = Time resting spent in this place.
 E = Time spent auto-exploring this place.
 F = Levels seen in this place.
 G = Mean time per level.
                   A        B        C        D        E       F      G
               +--------+--------+--------+--------+--------+-----+--------+
         Total |   1790 |   1763 |     27 |    299 |   1287 |   2 |  895.0 |
       Dungeon |   1790 |   1763 |     27 |    299 |   1287 |   2 |  895.0 |
               +--------+--------+--------+--------+--------+-----+--------+

Top non-repeatable levels by time:
     D:1: 1399 daAuts
     D:2: 391 daAuts
